[Event "Gideon Japhet ACP Open 2018"]
[Site "Jerusalem"]
[Date "2018.07.04"]
[Round "5"]
[White "Vagman, Roy"]
[Black "Slonimskij, Arkadij"]
[Result "1-0"]
[ECO "B01"]
[WhiteElo "1551"]
[BlackElo "2114"]
[Annotator "NA"]
[PlyCount "65"]
[EventDate "2018.07.01"]
[EventType "swiss"]
[EventCountry "ISR"]
[SourceTitle "playchess.com"]
[Source "ChessBase"]
[SourceQuality "1"]
[TimeControl "40/5400+30:1800+30"]

1. e4 d5 2. exd5 Nf6 3. Nf3 Nxd5 4. d4 Bg4 5. Bd3 Nc6 6. c3 e6 7. O-O Bd6 8. Re1 Nf4 9. Bxf4 Bxf4 10. Re4 Qf6 11. d5 Bxf3 12. Qxf3 Ne5 13. Qxf4 Qxf4 14. Rxf4 Nxd3 15. Rd4 Nc5 16. Rc4 b6 17. b4 exd5 18. Rd4 Ne4 19. Rxd5 Rd8 20. Rxd8+ Kxd8 21. f3 Nd6 22. Nd2 Re8 23. Kf2 Nb5 24. Rc1 Kd7 25. a4 Nd6 26. c4 c5 27. b5 a6 28. Ra1 Ra8 29. bxa6 Rxa6 30. g4 b5 31. Nb3 Rb6 32. cxb5 Nb7 33. a5 1-0

[Event "Gideon Japhet ACP Open 2018"]
[Site "Jerusalem"]
[Date "2018.07.05"]
[Round "6"]
[White "Boruchovsky, Avital"]
[Black "Kantsler, Boris"]
[Result "1-0"]
[ECO "B41"]
[WhiteElo "2558"]
[BlackElo "2422"]
[Annotator "ChessBase"]
[PlyCount "51"]
[EventDate "2018.07.01"]
[EventType "swiss"]
[EventCountry "ISR"]
[SourceTitle "playchess.com"]
[Source "ChessBase"]
[SourceQuality "1"]
[TimeControl "40/5400+30:1800+30"]

1. e4 c5 2. Nf3 e6 3. d4 cxd4 4. Nxd4 a6 5. c4 Nf6 6. Nc3 Qc7 7. Be2 Bb4 8. Nc2 Be7 9. O-O O-O 10. f4 d6 11. g4 Nc6 12. g5 Nd7 13. Be3 Rd8 14. Rc1 Bf8 15. Qe1 b6 16. Qh4 g6 17. Nd4 Nxd4 18. Bxd4 Bb7 19. Nd5 exd5 20. cxd5 Nc5 21. Rc3 Bg7 22. Bf6 Re8 23. Rh3 h5 24. gxh6 Nxe4 25. hxg7 Qc5+ 26. Kg2 1-0

[Event "Gideon Japhet ACP Open 2018"]
[Site "Jerusalem"]
[Date "2018.07.05"]
[Round "6"]
[White "Bagrationi, Alexander"]
[Black "Gruenfeld, Yehuda"]
[Result "1-0"]
[ECO "B90"]
[WhiteElo "2539"]
[BlackElo "2419"]
[Annotator "ChessBase"]
[PlyCount "131"]
[EventDate "2018.07.01"]
[EventType "swiss"]
[EventCountry "ISR"]
[SourceTitle "playchess.com"]
[Source "ChessBase"]
[SourceQuality "1"]
[TimeControl "40/5400+30:1800+30"]

1. e4 c5 2. Nf3 d6 3. d4 cxd4 4. Nxd4 Nf6 5. Nc3 a6 6. f3 e6 7. Be3 b5 8. g4 Nfd7 9. Qe2 Nb6 10. O-O-O N8d7 11. a3 Bb7 12. h4 Rc8 13. Bd2 Ne5 14. f4 Nec4 15. Be1 Qc7 16. Rh3 Be7 17. f5 e5 18. Nb3 Bc6 19. Nd5 Bxd5 20. exd5 Na4 21. Bc3 Nxc3 22. Rxc3 Bxh4 23. Nd4 O-O 24. Nc6 e4 25. Rxc4 bxc4 26. Qxe4 c3 27. b4 Rfe8 28. Qf4 h6 29. Kb1 Bg5 30. Qd4 Bf6 31. Qf4 Ra8 32. Bd3 a5 33. b5 Qb6 34. Qc4 Re3 35. Ka2 Rae8 36. Rf1 a4 37. Rb1 Re1 38. Rxe1 Rxe1 39. Qxa4 Qg1 40. Qa7 Ra1+ 41. Kb3 Qxa7 42. Nxa7 Bd4 43. Nc6 Bc5 44. Nb4 Kf8 45. Na2 Ke7 46. a4 Rb1+ 47. Kxc3 Bb6 48. Kc4 Ba5 49. c3 Rg1 50. Nb4 Rxg4+ 51. Kb3 Bxb4 52. cxb4 Kd8 53. b6 Rg3 54. Kc2 Kc8 55. Ba6+ Kb8 56. a5 Rg2+ 57. Kb3 Rg3+ 58. Ka4 Rg1 59. Bb5 Ra1+ 60. Kb3 h5 61. Kb2 Re1 62. a6 Re7 63. Bc6 h4 64. a7+ Rxa7 65. bxa7+ Kxa7 66. f6 1-0

[Event "Gideon Japhet ACP Open 2018"]
[Site "Jerusalem"]
[Date "2018.07.05"]
[Round "6"]
[White "Baron, Tal"]
[Black "Yuffa, Daniil"]
[Result "1/2-1/2"]
[ECO "E81"]
[WhiteElo "2530"]
[BlackElo "2577"]
[Annotator "ChessBase"]
[PlyCount "152"]
[EventDate "2018.07.01"]
[EventType "swiss"]
[EventCountry "ISR"]
[SourceTitle "playchess.com"]
[Source "ChessBase"]
[SourceQuality "1"]
[TimeControl "40/5400+30:1800+30"]

1. d4 Nf6 2. c4 g6 3. Nc3 Bg7 4. e4 d6 5. f3 O-O 6. Be3 c5 7. Nge2 Nc6 8. d5 Ne5 9. Ng3 h5 10. Be2 h4 11. Nf1 e6 12. Bg5 h3 13. gxh3 exd5 14. Nxd5 Bxh3 15. Rg1 Bxf1 16. Rxf1 a6 17. f4 Nc6 18. a3 Nd4 19. Qd3 b5 20. O-O-O bxc4 21. Qxc4 Rb8 22. Bd3 Nb3+ 23. Kb1 Na5 24. Qc1 Nb3 25. Qc2 Nd4 26. Qc4 Nb5 27. Kc1 Nxd5 28. Bxd8 Ne3 29. Bh4 Nxc4 30. Bxc4 Rb6 31. Rg1 Nd4 32. Rg2 Rfb8 33. Rd3 Kf8 34. Rf2 Nb3+ 35. Kd1 Bd4 36. Rc2 Na1 37. Rc1 Bxb2 38. Rb1 Bd4 39. Rxb6 Rxb6 40. Kc1 Bb2+ 41. Kd1 Bd4 42. Ba2 a5 43. Bd8 Rb2 44. Rd2 a4 45. Rxb2 Bxb2 46. Bc4 Bxa3 47. Bf6 Nb3 48. Bb5 c4 49. Bxa4 Nc5 50. Bc2 Ne6 51. f5 gxf5 52. exf5 Nf4 53. Bg5 Nd5 54. Kd2 Bb4+ 55. Ke2 Bc3 56. Bc1 Be5 57. h4 Nc3+ 58. Kf3 Kg7 59. h5 Nb5 60. Ke4 Nc3+ 61. Kf3 Nd5 62. Ba4 Ne7 63. Kg4 d5 64. h6+ Kg8 65. Ba3 Nc8 66. Be8 c3 67. h7+ Kxh7 68. Bxf7 Nb6 69. Kf3 c2 70. Bc1 Kg7 71. Be6 Kf6 72. Ke2 Na4 73. Kd2 Bf4+ 74. Kxc2 Bxc1 75. Kxc1 Nc5 76. Bxd5 Kxf5 1/2-1/2

[Event "Gideon Japhet ACP Open 2018"]
[Site "Jerusalem"]
[Date "2018.07.05"]
[Round "6"]
[White "Steinberg, Nitzan"]
[Black "Birnboim, Nathan"]
[Result "1-0"]
[ECO "B34"]
[WhiteElo "2521"]
[BlackElo "2353"]
[Annotator "ChessBase"]
[PlyCount "79"]
[EventDate "2018.07.01"]
[EventType "swiss"]
[EventCountry "ISR"]
[SourceTitle "playchess.com"]
[Source "ChessBase"]
[SourceQuality "1"]
[TimeControl "40/5400+30:1800+30"]

1. e4 c5 2. Nf3 Nc6 3. d4 cxd4 4. Nxd4 Nf6 5. Nc3 e5 6. Ndb5 d6 7. Nd5 Nxd5 8. exd5 Ne7 9. c4 Ng6 10. Qa4 Bd7 11. Qb4 Qb8 12. h4 a5 13. Qb3 Be7 14. g3 O-O 15. h5 Nh8 16. Be3 f5 17. a4 Nf7 18. f4 Kh8 19. O-O-O Bf6 20. Kb1 Nh6 21. Be2 Ng4 22. Bxg4 fxg4 23. h6 g6 24. Rhe1 Bxb5 25. Qxb5 Qc8 26. c5 exf4 27. Bxf4 Qxc5 28. Qxc5 dxc5 29. d6 g5 30. Be5 Kg8 31. d7 Bxe5 32. Rxe5 Rad8 33. Rxg5+ Kf7 34. Rg7+ Ke6 35. Rxh7 Rf6 36. Re1+ Kd6 37. Re8 Kc7 38. Rxd8 Kxd8 39. Rh8+ Kxd7 40. h7 1-0

[Event "Gideon Japhet ACP Open 2018"]
[Site "Jerusalem"]
[Date "2018.07.05"]
[Round "6"]
[White "Ushenina, Anna"]
[Black "Kudischewitsch, David"]
[Result "1-0"]
[ECO "A05"]
[WhiteElo "2447"]
[BlackElo "2356"]
[Annotator "NA"]
[PlyCount "73"]
[EventDate "2018.07.01"]
[EventType "swiss"]
[EventCountry "ISR"]
[SourceTitle "playchess.com"]
[Source "ChessBase"]
[SourceQuality "1"]
[TimeControl "40/5400+30:1800+30"]

1. Nf3 Nf6 2. g3 d5 3. Bg2 c6 4. O-O Bf5 5. d3 h6 6. c4 e6 7. Nc3 Be7 8. cxd5 exd5 9. Nd4 Bh7 10. e4 dxe4 11. dxe4 O-O 12. Re1 Na6 13. Be3 Bc5 14. e5 Nd7 15. f4 Re8 16. a3 Nb6 17. b4 Bxd4 18. Bxd4 Nc7 19. Bf2 Qxd1 20. Rexd1 Rad8 21. a4 Nbd5 22. Nxd5 Nxd5 23. Bxd5 Rxd5 24. Rxd5 cxd5 25. Bxa7 Ra8 26. Bc5 Bc2 27. a5 Bd3 28. Kf2 g6 29. Ke3 Bc4 30. Kd4 h5 31. h3 Re8 32. Rb1 Ra8 33. g4 Kh7 34. Bb6 Rc8 35. Bc5 Ra8 36. f5 Re8 37. b5 1-0

[Event "Gideon Japhet ACP Open 2018"]
[Site "Jerusalem"]
[Date "2018.07.05"]
[Round "6"]
[White "Erenberg, Ariel"]
[Black "Axelrod, Arie"]
[Result "0-1"]
[ECO "E20"]
[WhiteElo "2393"]
[BlackElo "2269"]
[Annotator "NA"]
[PlyCount "92"]
[EventDate "2018.07.01"]
[EventType "swiss"]
[EventCountry "ISR"]
[SourceTitle "playchess.com"]
[Source "ChessBase"]
[SourceQuality "1"]
[TimeControl "40/5400+30:1800+30"]

1. d4 Nf6 2. c4 e6 3. Nc3 Bb4 4. f3 O-O 5. a3 Bxc3+ 6. bxc3 b6 7. e4 Ne8 8. Bd3 Nc6 9. Nh3 Ba6 10. O-O Na5 11. Qe2 Nb3 12. Rb1 Nxc1 13. Rfxc1 Qe7 14. e5 f5 15. a4 g6 16. a5 Ng7 17. Nf2 Rfb8 18. c5 Bxd3 19. Nxd3 b5 20. c6 dxc6 21. f4 Qd7 22. Nb4 g5 23. Qf3 c5 24. dxc5 gxf4 25. Nc6 Re8 26. Rd1 Qf7 27. a6 Kh8 28. Rxb5 Rg8 29. Rb4 Nh5 30. Rbd4 Qg7 31. Nd8 Rb8 32. Rd7 Qg4 33. Nf7+ Kg7 34. Rxc7 Rb2 35. Qxg4+ fxg4 36. Nd8+ Kh6 37. Rcd7 f3 38. g3 Nf4 39. Nf7+ Kh5 40. R7d2 Nh3+ 41. Kf1 Rxd2 42. Rxd2 Rb8 43. Rd1 Rb2 44. c6 Rg2 45. Ke1 Rg1+ 46. Kd2 f2 0-1

[Event "Gideon Japhet ACP Open 2018"]
[Site "Jerusalem"]
[Date "2018.07.05"]
[Round "6"]
[White "Veinberg, Nimrod"]
[Black "Musyuk, Lior"]
[Result "1-0"]
[ECO "A44"]
[WhiteElo "2390"]
[BlackElo "2160"]
[Annotator "NA"]
[PlyCount "63"]
[EventDate "2018.07.01"]
[EventType "swiss"]
[EventCountry "ISR"]
[SourceTitle "playchess.com"]
[Source "ChessBase"]
[SourceQuality "1"]
[TimeControl "40/5400+30:1800+30"]

1. d4 c5 2. d5 e5 3. e4 d6 4. Nf3 a6 5. a4 Ne7 6. Nc3 g6 7. h4 h5 8. Be2 Bg7 9. Nd2 Nd7 10. Nc4 Nb6 11. Na3 Bd7 12. a5 Nbc8 13. Nc4 Bb5 14. O-O O-O 15. Bg5 f6 16. Bd2 f5 17. exf5 Nxf5 18. Bg5 Bf6 19. Ne4 Bxg5 20. Nxg5 Nd4 21. b3 Nxe2+ 22. Qxe2 Bd7 23. Qe3 Bf5 24. f4 exf4 25. Rxf4 Re8 26. Qc3 Qe7 27. Raf1 Na7 28. Qg3 Nb5 29. Rxf5 gxf5 30. Ne6+ Kh8 31. Rxf5 Qh7 32. Rxh5 1-0

[Event "Gideon Japhet ACP Open 2018"]
[Site "Jerusalem"]
[Date "2018.07.05"]
[Round "6"]
[White "Zilberman, Yaacov"]
[Black "Gorodetzky, Matan"]
[Result "0-1"]
[ECO "D32"]
[WhiteElo "2374"]
[BlackElo "2060"]
[Annotator "NA"]
[PlyCount "102"]
[EventDate "2018.07.01"]
[EventType "swiss"]
[EventCountry "ISR"]
[SourceTitle "playchess.com"]
[Source "ChessBase"]
[SourceQuality "1"]
[TimeControl "40/5400+30:1800+30"]

1. d4 e6 2. c4 d5 3. Nf3 c5 4. cxd5 exd5 5. Nc3 Nc6 6. Bf4 Nf6 7. e3 c4 8. Be2 Bb4 9. O-O O-O 10. Ne5 Bxc3 11. bxc3 Ne4 12. Qc2 Bf5 13. Qb2 Qb6 14. Qa3 Qa5 15. Qxa5 Nxa5 16. Rac1 g5 17. Bg3 f6 18. Nf3 Rae8 19. Rfd1 Bg4 20. Bc7 Nc6 21. h3 Bh5 22. g4 Bg6 23. Nd2 Rf7 24. Nxe4 Bxe4 25. Bg3 b5 26. Rd2 a5 27. Rb2 Rb7 28. Bd1 Ree7 29. Kf1 b4 30. Ba4 Na7 31. Bc2 Bxc2 32. Rbxc2 b3 33. Rb2 Re6 34. a4 Nc8 35. Ke2 Nb6 36. Ra1 h5 37. Rbb1 h4 38. Bh2 Nc8 39. Kd2 Kf7 40. Kc1 f5 41. gxf5 Rf6 42. Kd2 Rxf5 43. Ke2 Ke6 44. Be5 Rbf7 45. f4 Nd6 46. Rg1 Ne4 47. Rac1 Rb7 48. fxg5 b2 49. Rb1 Nxc3+ 50. Kd2 Rf2+ 51. Ke1 Rc2 0-1

[Event "Gideon Japhet ACP Open 2018"]
[Site "Jerusalem"]
[Date "2018.07.05"]
[Round "6"]
[White "Parkhov, Yair"]
[Black "Oratovsky, Michael"]
[Result "0-1"]
[ECO "A01"]
[WhiteElo "2364"]
[BlackElo "2461"]
[Annotator "ChessBase"]
[PlyCount "62"]
[EventDate "2018.07.01"]
[EventType "swiss"]
[EventCountry "ISR"]
[SourceTitle "playchess.com"]
[Source "ChessBase"]
[SourceQuality "1"]
[TimeControl "40/5400+30:1800+30"]

1. b3 e5 2. Bb2 d6 3. c4 Nf6 4. Nc3 g6 5. d4 Nbd7 6. Nf3 Bg7 7. dxe5 dxe5 8. Qc2 O-O 9. Rd1 Re8 10. e4 c6 11. Be2 Nh5 12. g3 Qa5 13. a3 Nf8 14. b4 Qc7 15. c5 Bg4 16. Ng5 Qc8 17. Qb3 Re7 18. h3 Bd7 19. Bc4 Qe8 20. Ne2 h6 21. Nf3 Kh7 22. Kf1 f5 23. exf5 gxf5 24. Nxe5 Bxe5 25. Bxe5 Rxe5 26. Bf7 Be6 27. Bxe6 Qxe6 28. Qf3 Re8 29. Qxh5 Rxe2 30. Rd6 Re1+ 31. Kg2 Qe4+ 0-1

[Event "Gideon Japhet ACP Open 2018"]
[Site "Jerusalem"]
[Date "2018.07.05"]
[Round "6"]
[White "Gluhovsky, Mark"]
[Black "Muzychuk, Mariya"]
[Result "0-1"]
[ECO "C77"]
[WhiteElo "2308"]
[BlackElo "2521"]
[Annotator "RC"]
[PlyCount "108"]
[EventDate "2018.07.01"]
[EventType "swiss"]
[EventCountry "ISR"]
[SourceTitle "playchess.com"]
[Source "ChessBase"]
[SourceQuality "1"]
[TimeControl "40/5400+30:1800+30"]

1. e4 e5 2. Nf3 Nc6 3. Bb5 a6 4. Ba4 Nf6 5. Bxc6 dxc6 6. d3 Bd6 7. Nbd2 Be6 8. Qe2 O-O 9. Nc4 Nd7 10. O-O f6 11. Nh4 g6 12. g3 Nc5 13. b3 Qe7 14. Bb2 Bh3 15. Rfe1 Ne6 16. Nxd6 cxd6 17. Qe3 c5 18. f4 g5 19. Nf5 Bxf5 20. exf5 gxf4 21. gxf4 Ng7 22. c4 Nxf5 23. Qh3 Qe6 24. Kf2 Kh8 25. Rg1 Rg8 26. Rae1 b5 27. Rg3 Rae8 28. Rf3 Ref8 29. Rg3 bxc4 30. dxc4 Re8 31. Rg4 Rxg4 32. Qxg4 Rg8 33. Qh3 Nd4 34. Re3 Rg4 35. Bxd4 Rxf4+ 36. Ke2 Qxh3 37. Rxh3 Rxd4 38. Rf3 Kg7 39. Rg3+ Kf7 40. Rh3 Kg6 41. Rg3+ Kf5 42. Rh3 Rg4 43. Rxh7 Rg2+ 44. Kf3 Rxa2 45. h4 Rb2 46. Rb7 e4+ 47. Kg3 e3 48. Rb6 Ke5 49. Rb8 f5 50. Re8+ Kd4 51. h5 Rxb3 52. Kf4 Rb1 53. Rxe3 Rf1+ 54. Rf3 Rxf3+ 0-1

[Event "Gideon Japhet ACP Open 2018"]
[Site "Jerusalem"]
[Date "2018.07.05"]
[Round "6"]
[White "Agrest, Inna"]
[Black "Shvayger, Yuliya"]
[Result "0-1"]
[ECO "B97"]
[WhiteElo "2303"]
[BlackElo "2409"]
[Annotator "ChessBase"]
[PlyCount "122"]
[EventDate "2018.07.01"]
[EventType "swiss"]
[EventCountry "ISR"]
[SourceTitle "playchess.com"]
[Source "ChessBase"]
[SourceQuality "1"]
[TimeControl "40/5400+30:1800+30"]

1. e4 c5 2. Nf3 d6 3. d4 cxd4 4. Nxd4 Nf6 5. Nc3 a6 6. Bg5 e6 7. f4 Qb6 8. Qd3 Qxb2 9. Nb3 Qa3 10. f5 Be7 11. fxe6 fxe6 12. Qh3 Nc6 13. Be2 O-O 14. O-O Qb4 15. Kh1 Qb6 16. Bc4 Kh8 17. Bxe6 Nb4 18. Nd5 Nbxd5 19. exd5 Bxe6 20. Qxe6 Rae8 21. Rae1 h6 22. Bf4 Qb5 23. Nd4 Qxd5 24. Nf5 Qxe6 25. Rxe6 Nd5 26. Nxe7 Rxe7 27. Rxe7 Nxe7 28. Kg1 d5 29. g3 Ng6 30. Rb1 Nxf4 31. gxf4 b5 32. a4 bxa4 33. Rb4 Rc8 34. Rxa4 Rxc2 35. Rxa6 Kg8 36. Ra7 Kf8 37. f5 Re2 38. Rd7 Re5 39. f6 gxf6 40. Kf2 Ke8 41. Rh7 Rh5 42. Ke3 Rxh2 43. Kd4 Rh5 44. Kc5 Kf8 45. Kd6 Kg8 46. Re7 Rg5 47. Ra7 Re5 48. Kc5 h5 49. Kd6 d4 50. Kc6 d3 51. Rd7 Re3 52. Rd4 Kg7 53. Kc5 Kg6 54. Kc4 Rg3 55. Kc3 Kg5 56. Kd2 h4 57. Rd8 h3 58. Rh8 Kg4 59. Rh6 Kf3 60. Kxd3 Kg2+ 61. Ke2 h2 0-1

[Event "Gideon Japhet ACP Open 2018"]
[Site "Jerusalem"]
[Date "2018.07.05"]
[Round "6"]
[White "Milikow, Yoav"]
[Black "Gorodetzky, David"]
[Result "0-1"]
[ECO "D47"]
[WhiteElo "2161"]
[BlackElo "2460"]
[Annotator "ChessBase"]
[PlyCount "104"]
[EventDate "2018.07.01"]
[EventType "swiss"]
[EventCountry "ISR"]
[SourceTitle "playchess.com"]
[Source "ChessBase"]
[SourceQuality "1"]
[TimeControl "40/5400+30:1800+30"]

1. d4 e6 2. c4 d5 3. Nc3 c6 4. Nf3 Nf6 5. e3 Nbd7 6. Bd3 dxc4 7. Bxc4 b5 8. Bb3 Bb7 9. O-O a6 10. e4 b4 11. Na4 Nxe4 12. Re1 Nef6 13. Ng5 Nd5 14. Qh5 g6 15. Qh3 N7f6 16. Nc5 Bxc5 17. dxc5 Bc8 18. Bxd5 cxd5 19. Qh6 Ng4 20. Qh4 h6 21. Qxg4 hxg5 22. Bxg5 f6 23. Bd2 Kf7 24. Bxb4 Qc7 25. Qg3 Qxg3 26. hxg3 Rb8 27. Bc3 e5 28. b4 g5 29. f4 d4 30. Bd2 Re8 31. fxe5 fxe5 32. Re2 e4 33. Rf1+ Kg6 34. Ref2 e3 35. Rf6+ Kh5 36. Be1 d3 37. Rd6 d2 38. Bxd2 exd2 39. Rxd2 Rxb4 40. Rc1 Ree4 41. Rd8 Bf5 42. Rf1 Be6 43. c6 Rbc4 44. Rd6 Rc2 45. Rf6 Bxa2 46. Kh2 Kg4 47. Rd7 Be6 48. Rd6 Bb3 49. c7 Rxc7 50. Rxa6 Bc4 51. Ra4 Rh7+ 52. Kg1 Re1+ 0-1

[Event "Gideon Japhet ACP Open 2018"]
[Site "Jerusalem"]
[Date "2018.07.05"]
[Round "6"]
[White "Milikow, Elie"]
[Black "Zisman, Philip"]
[Result "1/2-1/2"]
[ECO "C03"]
[WhiteElo "2081"]
[BlackElo "2293"]
[Annotator "NA"]
[PlyCount "90"]
[EventDate "2018.07.01"]
[EventType "swiss"]
[EventCountry "ISR"]
[SourceTitle "playchess.com"]
[Source "ChessBase"]
[SourceQuality "1"]
[TimeControl "40/5400+30:1800+30"]

1. e4 e6 2. d4 d5 3. Nd2 dxe4 4. Nxe4 Nf6 5. Nxf6+ gxf6 6. Nf3 b6 7. Bf4 Bb7 8. Bd3 Bd6 9. Bg3 Nc6 10. c3 Qd7 11. Qc2 h5 12. O-O-O Ne7 13. Rhe1 O-O-O 14. Be4 Bxe4 15. Qxe4 Qc6 16. Qxc6 Nxc6 17. Bxd6 Rxd6 18. Nd2 f5 19. Nc4 Rdd8 20. Ne5 Nxe5 21. Rxe5 c6 22. Re3 Rhg8 23. Rg3 Rg4 24. Rxg4 fxg4 25. Re1 Kd7 26. Kd2 Ke7 27. Re5 f5 28. Ke3 Kf6 29. b4 h4 30. Kf4 Rb8 31. a4 Rd8 32. Ke3 Rc8 33. Kf4 Rg8 34. Ke3 h3 35. g3 Ra8 36. c4 Rd8 37. Kd3 a5 38. c5 bxc5 39. Rxc5 axb4 40. Rxc6 Ra8 41. d5 Rxa4 42. Rxe6+ Kf7 43. Re5 Kf6 44. Re6+ Kf7 45. Re5 Kf6 1/2-1/2

[Event "Gideon Japhet ACP Open 2018"]
[Site "Jerusalem"]
[Date "2018.07.05"]
[Round "6"]
[White "Yaniv, Yuval"]
[Black "Gurbanov, Andrei"]
[Result "1-0"]
[ECO "C70"]
[WhiteElo "2054"]
[BlackElo "2335"]
[Annotator "NA"]
[PlyCount "61"]
[EventDate "2018.07.01"]
[EventType "swiss"]
[EventCountry "ISR"]
[SourceTitle "playchess.com"]
[Source "ChessBase"]
[SourceQuality "1"]
[TimeControl "40/5400+30:1800+30"]

1. e4 e5 2. Nf3 Nc6 3. Bb5 a6 4. Ba4 Bc5 5. O-O d6 6. c3 Ba7 7. Re1 Bg4 8. d3 Nge7 9. h3 Bh5 10. Nbd2 O-O 11. g4 Bg6 12. Nf1 b5 13. Bb3 Na5 14. Bc2 f5 15. exf5 Nxf5 16. gxf5 Bxf5 17. Be3 Bxh3 18. Bxa7 Rxa7 19. N1h2 c5 20. d4 exd4 21. cxd4 c4 22. Qd2 Raf7 23. Re3 d5 24. Kh1 c3 25. Rxc3 b4 26. Bxh7+ Kxh7 27. Ng5+ Kg8 28. Rxh3 Rxf2 29. Qe3 Qd7 30. Rg1 Nc4 31. Qg3 1-0

[Event "Gideon Japhet ACP Open 2018"]
[Site "Jerusalem"]
[Date "2018.07.05"]
[Round "6"]
[White "Yaniv, Ori"]
[Black "Friedland, Moshe"]
[Result "0-1"]
[ECO "B92"]
[WhiteElo "1913"]
[BlackElo "2286"]
[Annotator "NA"]
[PlyCount "64"]
[EventDate "2018.07.01"]
[EventType "swiss"]
[EventCountry "ISR"]
[SourceTitle "playchess.com"]
[Source "ChessBase"]
[SourceQuality "1"]
[TimeControl "40/5400+30:1800+30"]

1. e4 c5 2. Nf3 d6 3. d4 cxd4 4. Nxd4 Nf6 5. Nc3 a6 6. Be2 Nbd7 7. Be3 b5 8. a3 Bb7 9. f3 e6 10. Qd2 Rc8 11. g4 Nb6 12. O-O-O Nfd7 13. Nb3 Be7 14. g5 Qc7 15. Kb1 d5 16. exd5 Nxd5 17. Nxd5 Bxd5 18. Rhg1 O-O 19. h4 Rfd8 20. Nd4 Nb6 21. Qc1 Na4 22. h5 g6 23. hxg6 fxg6 24. f4 b4 25. axb4 Bxb4 26. c4 Qb7 27. Qc2 Ba3 28. Qb3 Be4+ 29. Bd3 Qxb3 30. Nxb3 Bxd3+ 31. Ka2 Bxb2 32. Rd2 Bc3 0-1

[Event "Gideon Japhet ACP Open 2018"]
[Site "Jerusalem"]
[Date "2018.07.06"]
[Round "7"]
[White "Yuffa, Daniil"]
[Black "Steinberg, Nitzan"]
[Result "0-1"]
[ECO "E01"]
[WhiteElo "2577"]
[BlackElo "2521"]
[Annotator "ChessBase"]
[PlyCount "62"]
[EventDate "2018.07.01"]
[EventType "swiss"]
[EventCountry "ISR"]
[SourceTitle "playchess.com"]
[Source "ChessBase"]
[SourceQuality "1"]
[TimeControl "40/5400+30:1800+30"]

1. d4 Nf6 2. c4 e6 3. g3 d5 4. Bg2 Bb4+ 5. Bd2 Be7 6. Nf3 O-O 7. O-O Nbd7 8. Nc3 dxc4 9. e4 c5 10. Bf4 Qb6 11. d5 exd5 12. e5 d4 13. exf6 Nxf6 14. Na4 Qa6 15. Ne5 Be6 16. b3 c3 17. Bg5 Rac8 18. Nd3 Rfd8 19. Bxf6 gxf6 20. Re1 b5 21. Naxc5 Bxc5 22. Be4 f5 23. Qh5 Bf8 24. Bxf5 Bxf5 25. Qxf5 Qg6 26. Qf3 Re8 27. Nf4 Qf5 28. g4 Qf6 29. Qg3 Rxe1+ 30. Rxe1 c2 31. Nh5 Qg6 0-1

[Event "Gideon Japhet ACP Open 2018"]
[Site "Jerusalem"]
[Date "2018.07.06"]
[Round "7"]
[White "Baron, Tal"]
[Black "Boruchovsky, Avital"]
[Result "1-0"]
[ECO "D11"]
[WhiteElo "2530"]
[BlackElo "2558"]
[Annotator "ChessBase"]
[PlyCount "49"]
[EventDate "2018.07.01"]
[EventType "swiss"]
[EventCountry "ISR"]
[SourceTitle "playchess.com"]
[Source "ChessBase"]
[SourceQuality "1"]
[TimeControl "40/5400+30:1800+30"]

1. d4 d5 2. c4 c6 3. Nf3 Nf6 4. g3 dxc4 5. Bg2 g6 6. O-O Bg7 7. a4 Ne4 8. Nc3 Nd6 9. e4 Bg4 10. Be3 O-O 11. Qd2 Nd7 12. Ng5 e5 13. h3 Be6 14. d5 cxd5 15. Nxe6 fxe6 16. exd5 Nf6 17. dxe6 Re8 18. Rfd1 Rxe6 19. Nb5 Bf8 20. Bd5 Qd7 21. Bxe6+ Qxe6 22. Nxd6 Rd8 23. Bc5 b6 24. Ba3 Qxh3 25. Qg5 1-0

[Event "Gideon Japhet ACP Open 2018"]
[Site "Jerusalem"]
[Date "2018.07.06"]
[Round "7"]
[White "Muzychuk, Mariya"]
[Black "Bagrationi, Alexander"]
[Result "1-0"]
[ECO "B61"]
[WhiteElo "2521"]
[BlackElo "2539"]
[Annotator "ChessBase"]
[PlyCount "47"]
[EventDate "2018.07.01"]
[EventType "swiss"]
[EventCountry "ISR"]
[SourceTitle "playchess.com"]
[Source "ChessBase"]
[SourceQuality "1"]
[TimeControl "40/5400+30:1800+30"]

1. e4 c5 2. Nf3 d6 3. d4 cxd4 4. Nxd4 Nf6 5. Nc3 Nc6 6. Bg5 Bd7 7. Qd2 Rc8 8. O-O-O Nxd4 9. Qxd4 Qa5 10. f4 h6 11. Bxf6 gxf6 12. Kb1 Qc5 13. Qd2 f5 14. e5 e6 15. g4 Bc6 16. Bg2 Bxg2 17. Qxg2 Rg8 18. Qxb7 Rc7 19. Qa6 Rxg4 20. exd6 Rc6 21. d7+ Kd8 22. Qb7 Bd6 23. Nb5 Rb6 24. Nxd6 1-0

[Event "Gideon Japhet ACP Open 2018"]
[Site "Jerusalem"]
[Date "2018.07.06"]
[Round "7"]
[White "Oratovsky, Michael"]
[Black "Veinberg, Nimrod"]
[Result "1/2-1/2"]
[ECO "C54"]
[WhiteElo "2461"]
[BlackElo "2390"]
[Annotator "ChessBase"]
[PlyCount "107"]
[EventDate "2018.07.01"]
[EventType "swiss"]
[EventCountry "ISR"]
[SourceTitle "playchess.com"]
[Source "ChessBase"]
[SourceQuality "1"]
[TimeControl "40/5400+30:1800+30"]

1. e4 e5 2. Nf3 Nc6 3. Bc4 Bc5 4. c3 Nf6 5. d3 O-O 6. Nbd2 d6 7. h3 a6 8. Bb3 Ba7 9. Nf1 d5 10. Qe2 Be6 11. Ng5 dxe4 12. Nxe6 exd3 13. Nxd8 dxe2 14. Nxc6 exf1=Q+ 15. Rxf1 bxc6 16. Ba4 c5 17. Bg5 Rfd8 18. Bxf6 gxf6 19. Bb3 Rab8 20. Rb1 Rd6 21. Ke2 Rdb6 22. Rfd1 Rd6 23. Bc4 Kf8 24. b3 Ke7 25. Rd3 Bb6 26. Rbd1 Ba5 27. Rg3 f5 28. Rxd6 cxd6 29. Rg7 Rf8 30. Kd3 Kf6 31. Rg3 e4+ 32. Kc2 Ke5 33. Rg5 d5 34. Bxa6 Ra8 35. Bb7 Ra7 36. Bc8 d4 37. Rxf5+ Kd6 38. Rf6+ Ke7 39. Ra6 Rxa6 40. Bxa6 Bxc3 41. f3 f5 42. Bb7 e3 43. Kd3 f4 44. Ba6 Kf6 45. Ke2 Ke5 46. Bd3 h6 47. Bc4 Kd6 48. Kd3 Ke5 49. Ke2 Bd2 50. Kd1 Kf5 51. Bd3+ Kg5 52. Ke2 Kh4 53. Kf1 Bc3 54. Ke2 1/2-1/2

[Event "Gideon Japhet ACP Open 2018"]
[Site "Jerusalem"]
[Date "2018.07.06"]
[Round "7"]
[White "Kantsler, Boris"]
[Black "Gluhovsky, Mark"]
[Result "1-0"]
[ECO "E63"]
[WhiteElo "2422"]
[BlackElo "2308"]
[Annotator "ChessBase"]
[PlyCount "99"]
[EventDate "2018.07.01"]
[EventType "swiss"]
[EventCountry "ISR"]
[SourceTitle "playchess.com"]
[Source "ChessBase"]
[SourceQuality "1"]
[TimeControl "40/5400+30:1800+30"]

1. d4 Nf6 2. c4 g6 3. Nf3 Bg7 4. g3 d6 5. Bg2 O-O 6. O-O Nc6 7. Nc3 a6 8. Qd3 Bd7 9. e4 e5 10. d5 Nb4 11. Qe2 a5 12. Ne1 Ne8 13. Rb1 c5 14. a3 Na6 15. Nb5 Nac7 16. a4 Na6 17. Nd3 Nb4 18. Nxb4 axb4 19. b3 f5 20. exf5 Bxf5 21. Ra1 Nf6 22. Be3 Qd7 23. Rae1 h6 24. f3 g5 25. g4 Bg6 26. Bf2 Rae8 27. Bg3 h5 28. h3 Re7 29. Qd2 Bh6 30. Re3 Ref7 31. Nxd6 Qxd6 32. Bxe5 Qd7 33. Rfe1 Bg7 34. R3e2 Nh7 35. Bxg7 Rxg7 36. Re6 Re8 37. Rxe8+ Bxe8 38. Qe3 Bf7 39. Qxc5 Nf8 40. Re7 b6 41. Rxd7 bxc5 42. Rc7 Be8 43. Rxc5 Ng6 44. Rc8 Kf8 45. d6 h4 46. c5 Ne5 47. f4 gxf4 48. c6 f3 49. c7 fxg2 50. Rxe8+ 1-0